 Dungeon Crawl Stone Soup version 0.24-a0-446-g87df7205b4 (webtiles) character file.

Game seed: 8129728163943766970

5 Gargoyl the Skirmisher (level 1, -9/15 HPs)
             Began as a Centaur Abyssal Knight on June 24, 2019.
             Was a Follower of Lugonu.
             Killed from afar by a wretched star (17 damage)
             ... with an orb of energy
             ... on level 1 of the Abyss.
             The game lasted 00:00:32 (196 turns).

Gargoyl the Skirmisher (Centaur Abyssal Knight)      Turns: 196, Time: 00:00:33

Health: -9/15      AC:  4    Str: 14    XL:     1   Next: 66%
Magic:  1/1        EV:  9    Int: 11    God:    Lugonu [*.....]
Gold:   13         SH:  0    Dex:  8    Spells: 0/0 levels left

rFire    . . .     SeeInvis .   a - +1 hand axe
rCold    . . .     Gourm    .   (no shield)
rNeg     . . .     Faith    .   b - +0 leather armour
rPois    .         Spirit   .   (no helmet)
rElec    .         Reflect  .   (no cloak)
rCorr    .         Harm     .   (no gloves)
MR       .....                  (no barding)
Stlth    ..........             (no amulet)
HPRegen  0.00/turn              (no ring)
MPRegen  0.07/turn              (no ring)

@: non-regenerating, diseased, wreathed by umbra, very quick
A: large, hooves 3, deformed body, speed 2, [frail 2], [low mp 3], tough skin 3
a: Depart the Abyss, Renounce Religion


You were on level 1 of the Abyss.
You worshipped Lugonu.
Lugonu was aware of your devotion.
You were not hungry.

You visited 0 branches of the dungeon, and saw 0 of its levels.
You visited the Abyss 1 time.

You collected 13 gold pieces.

Inventory:

Hand Weapons
 a - a +1 hand axe (weapon)
Armour
 b - a +0 leather armour (worn)
Comestibles
 c - a ration


   Skills:
 + Level 3.2 Fighting
 + Level 1.8 Axes
 + Level 1.4 Armour
 + Level 0.6 Dodging
 + Level 2.0 Invocations


You couldn't memorise any spells.
You didn't know any spells.
Your spell library was empty.

Dungeon Overview and Level Annotations

Branches:
Dungeon (0/15)

Altars:


Innate Abilities, Weirdness & Mutations

You have hooves in place of feet.
Armour fits poorly on your strangely shaped body.
You cover ground very quickly.
You have extremely tough skin. (AC +3)
[You are very frail. (-20% HP)]
[Your magical capacity is extremely low. (-30% MP)]


Message History

You feel ill.
Okay, then.
As you read the scroll labeled JAIRRITZENK, it crumbles to dust.
You assume a fearsome visage.
The wretched star is unaffected.
It was a scroll of fear.
The wretched star pulses with an eldritch light!
You feel less energetic. x2
As you read the scroll labeled ZIOREE MITUT, it crumbles to dust.
It is a scroll of identify.
You don't have any unidentified items.
The wretched star pulses with an eldritch light!
You feel frail. x2
A profane servitor comes into view. It is wielding a +3 whip.
The wretched star pulses with an eldritch light!
You feel less energetic.
A wretched star comes into view.
The wretched star glows turbulently.
The orb of energy hits you!
Ouch! That really hurt!
You die...

#.#.#...###
###..#.. # ## ##.
##..###.# .#.#
....... ...
##.###..#.. ...#.
#..###.#....#...#
###...*...####..#..
##..#.##...# .. #
#...@#.# #.# .#..
#..#...# ## .# # ##
....... A.#.#...#
.## .#..... ..
..#...# ## .. ##*.
.#. #.


You could see a profane servitor and 2 wretched stars.

Vanquished Creatures
  An ufetubus (Abyss:1)
1 creature vanquished.

Vanquished Creatures (others)
  A lurking horror (Abyss:1)
1 creature vanquished.

Grand Total: 2 creatures vanquished

Notes
Turn   | Place    | Note
-------+----------+-------------------------------------------
     0 | Abyss:1  | Gargoyl the Centaur Abyssal Knight began the quest for the
                  | Orb.
     0 | Abyss:1  | Reached XP level 1. HP: 19/19 MP: 2/2
   166 | Abyss:1  | Noticed an ancient zyme
   189 | Abyss:1  | Noticed a wretched star
   194 | Abyss:1  | Noticed a profane servitor
   195 | Abyss:1  | Noticed a wretched star
   196 | Abyss:1  | Killed from afar by a wretched star

Levels and vault maps discovered:
Abyss:1

Action                   || total
-------------------------++-------
Melee: Hand axe          ||     3
       Kick              ||     2
  Use: Scroll            ||     3
Dodge: Dodged            ||     1

Table legend:
 A = Non-vault XP
 B = Vault XP
 C = Vault XP percentage of total XP
 D = Non-vault monster count
 E = Vault monster count
 F = Vault count percentage of total count
                 A         B        C        D         E       F
            +---------+---------+-------+---------+---------+-------
      Total |       8 |       0 |   0.0 |       1 |       0 |   0.0
            +---------+---------+-------+---------+---------+-------
    Abyss:1 |       8 |       0 |   0.0 |       1 |       0 |   0.0
            +---------+---------+-------+---------+---------+-------
